Map: Dusk Towers

Players

Miszu - Winner!

  • Race: Terran Terran
  • League: Master

Silent

  • Race: Terran Terran
  • League: Grandmaster

VOD

Have the link to the VOD?

Description

Time

  • Played on: June 27, 2016, 4:08 p.m.
  • Length: 16:20
Show
View Real Time Build Order
Export as new Build Order

Miszu Terran - Winner!

Build Orders: Bio Tank 

Get SALT Encoding   

  12  0:00  SCV  
  13  0:12  SCV  
  14  0:17  Supply Depot  
  14  0:25  SCV  
  15  0:40  SCV  
  15  0:42  Barracks  
  16  0:44  Refinery  
  16  0:52  SCV  
  17  1:04  SCV  
  17  1:05  Barracks  
  18  1:16  SCV  
  19  1:29  Orbital Command  
  19  1:30  Reaper  
  20  1:40  Supply Depot  
  20  1:52  Reaper  
  21  1:55  SCV  
  22  2:05  Reaper  
  23  2:11  Command Center  
  23  2:13  SCV  
  24  2:21  Refinery  
  24  2:24  Reaper  
  24  2:25  SCV  
  26  2:35  Barracks  
  26  2:37  SCV  
  26  2:42  Reaper  
  28  2:50  Supply Depot, SCV  
  29  3:02  SCV  
  29  3:13  Barracks Tech Lab  
  29  3:14  Barracks Reactor  
  29  3:22  Factory  
  29  3:23  SCV  
  29  3:25  Orbital Command  
  30  3:32  Marine  
  31  3:35  SCV, Stimpack  
  31  3:36  Marine  
  33  3:47  SCV  
  34  3:50  Marine x3  
  34  3:53  Marine, SCV  
  39  3:56  Engineering Bay  
  39  3:59  SCV  
  40  4:05  SCV  
  40  4:07  Starport, Marine  
  40  4:09  Factory Reactor  
  42  4:11  Marine, SCV  
  42  4:14  Marine x2  
  46  4:18  SCV  
  46  4:22  Supply Depot  
  46  4:23  SCV  
  48  4:25  Marine  
  48  4:26  Refinery  
  48  4:28  Terran Infantry Weapons Level 1  
  48  4:30  SCV  
  50  4:35  SCV  
  51  4:41  Marine  
  51  4:42  Marine x2  
  51  4:43  Marine  
  51  4:44  SCV  
  56  4:50  SCV  
  56  4:51  Supply Depot  
  57  4:58  Medivac x2  
  61  5:00  Factory Tech Lab  
  61  5:02  SCV  
  61  5:06  Supply Depot  
  62  5:13  Marine x3, SCV  
  67  5:14  SCV  
  67  5:15  Barracks Reactor  
  67  5:17  Supply Depot  
  67  5:25  SCV  
  67  5:26  SCV  
  67  5:28  Medivac  
  71  5:31  Marine  
  69  5:56  Marine x4  
  73  6:01  Siege Tank  
  73  6:02  Medivac x2, Command Center  
  80  6:05  Refinery  
  80  6:06  Supply Depot x2  
  80  6:12  Barracks  
  80  6:14  Barracks  
  80  6:15  SCV x2  
  80  6:16  Combat Shields  
  82  6:18  Marine  
  82  6:19  Marine  
  84  6:27  SCV x2  
  84  6:29  Terran Infantry Armor Level 1  
  85  6:39  SCV  
  86  6:56  SCV  
  86  6:58  Siege Tank, SCV  
  91  7:08  Barracks Reactor x2  
  91  7:09  Medivac, SCV  
  91  7:11  SCV  
  91  7:13  Supply Depot  
  91  7:15  Supply Depot  
  95  7:18  Marine x4  
  95  7:19  Marine  
  95  7:21  SCV  
  101  7:23  SCV  
  102  7:34  Siege Tank, SCV  
  102  7:35  Marine, SCV  
  102  7:36  Marine x4  
  111  7:37  Supply Depot, Orbital Command  
  111  7:39  Supply Depot  
  111  7:42  Missile Turret  
  112  7:45  Missile Turret  
  112  7:46  SCV  
  112  7:47  SCV  
  114  7:54  Missile Turret  
  114  7:56  Missile Turret x2  
  114  8:00  Engineering Bay  
  114  8:01  SCV  
  114  8:02  Armory  
  114  8:05  Refinery  
  115  8:06  Refinery  
  115  8:12  Siege Tank, SCV  
  119  8:13  SCV x2  
  119  8:17  Marine  
  119  8:18  Marine x2, Missile Turret  
  124  8:21  Marine  
  124  8:22  Marine x2  
  127  8:29  SCV  
  127  8:30  SCV x2  
  127  8:31  Factory  
  130  8:35  Supply Depot x2  
  130  8:36  Medivac  
  130  8:39  Medivac  
  130  8:41  Marine x2  
  135  8:48  SCV  
  136  8:52  SCV x2  
  136  8:53  Terran Infantry Weapons Level 2  
  136  8:54  Terran Infantry Armor Level 2  
  136  9:00  SCV  
  136  9:04  SCV  
  136  9:05  Marine x2  
  136  9:06  Siege Tank  
  142  9:11  Supply Depot  
  142  9:12  Supply Depot  
  142  9:17  Marine x4  
  142  9:18  Factory Tech Lab  
  142  9:22  Marine, Medivac, Command Center  
  140  9:37  Marine  
  140  9:38  Marine  
  135  9:39  Marine  
  132  9:51  SCV  
  132  9:59  Missile Turret  
  132  10:01  Siege Tank x2  
  138  10:07  SCV  
  138  10:08  SCV x2  
  138  10:10  Terran Vehicle Weapons Level 1  
  141  10:17  Sensor Tower  
  141  10:19  SCV  
  141  10:20  SCV x2, Missile Turret  
  144  10:26  Marine x3  
  144  10:27  Marine x5  
  152  10:31  SCV  
  152  10:32  SCV  
  152  10:33  Supply Depot, Siege Tank  
  152  10:34  Supply Depot x2, Hellion  
  159  10:39  Sensor Tower  
  159  10:49  Medivac x2  
  163  10:50  Marine x2  
  163  10:55  Siege Tank  
  168  11:04  Marine  
  168  11:05  Marine x6, Siege Tank  
  168  11:07  Missile Turret  
  168  11:08  Marine x2  
  178  11:19  Medivac  
  178  11:22  Marine  
  178  11:23  Marine x6  
  187  11:25  Marine  
  187  11:26  Marine  
  187  11:27  Siege Tank  
  192  11:40  Marine x2  
  192  11:41  Marine x3, Siege Tank  
  200  11:47  Barracks x3  
  200  11:50  Barracks  
  200  11:51  Planetary Fortress  
  200  11:55  Command Center  
  200  11:59  Terran Infantry Armor Level 3  
  200  12:02  Terran Infantry Weapons Level 3  
  200  12:07  Terran Vehicle Weapons Level 2  
  198  12:29  Marine  
  198  12:36  Marine  
  198  12:37  Marine x4  
  199  12:46  Refinery  
  197  12:53  Missile Turret  
  197  12:55  Missile Turret  
  197  12:56  Missile Turret  
  197  12:57  Missile Turret  
  196  13:10  Marine  
  196  13:11  Marine x3  
  199  13:24  Marine  
  191  13:34  Reaper, Siege Tank x2  
  191  13:35  Barracks Reactor x3  
  191  13:36  Barracks Reactor  
  198  13:44  Factory  
  198  13:46  Factory  
  198  13:52  Missile Turret  
  198  13:56  Refinery, Missile Turret  
  198  13:58  Marine x2  
  188  14:11  Refinery  
  188  14:16  Refinery, Medivac x2, Siege Tank x2  
  183  14:43  Marine  
  183  14:44  Marine x11  
  195  14:46  Medivac, Factory Tech Lab x2  
  195  14:48  Siege Tank  
  192  14:58  Marine x5  
  157  15:01  Marine  
  157  15:02  Marine x11  
  159  15:12  Siege Tank  
  159  15:13  Medivac, Siege Tank x2  
  170  15:15  Marine  
  170  15:16  Marine x4, Medivac  
  170  15:19  Marine x5  
  170  15:20  Marine x2, Siege Tank  
  184  15:29  Marine  
  184  15:30  Marine x4  
  184  15:33  Marine  
  184  15:34  Marine x4  
  191  15:37  Marine x3  
  186  15:43  Medivac  
  186  15:44  Siege Tank  
  186  15:48  Marine  
  186  15:49  Marine x8  
  187  15:51  Marine  
  187  15:52  Marine  
Show
View Real Time Build Order
Export as new Build Order

Silent Terran 

Build Orders: Reaper Expand, Bio Tank 

Get SALT Encoding   

  12  0:01  SCV  
  13  0:13  SCV  
  14  0:18  Supply Depot  
  14  0:25  SCV  
  15  0:39  SCV  
  15  0:41  Barracks  
  16  0:46  Refinery  
  16  0:52  SCV  
  17  1:04  SCV  
  18  1:17  SCV  
  19  1:30  Barracks Reactor  
  19  1:37  Command Center  
  19  1:41  Orbital Command  
  19  2:07  Bunker, Reaper x2  
  20  2:10  Supply Depot, SCV  
  21  2:22  SCV  
  22  2:34  SCV  
  23  2:39  Refinery, Marine x2  
  25  2:46  SCV  
  25  2:49  Factory  
  25  2:51  Orbital Command  
  26  2:57  Marine x2  
  28  2:59  SCV  
  29  3:11  SCV  
  30  3:18  Marine x2  
  32  3:23  SCV  
  33  3:28  SCV  
  33  3:32  Widow Mine  
  36  3:34  Starport  
  36  3:37  Marine x2  
  36  3:40  SCV x2  
  39  3:52  Barracks, SCV  
  40  3:56  Supply Depot, SCV  
  40  3:57  Marine x2  
  43  4:04  SCV  
  43  4:06  Factory Tech Lab  
  43  4:08  SCV  
  45  4:16  SCV  
  46  4:17  Supply Depot, Medivac  
  46  4:23  Marine x2  
  50  4:24  Siege Tank  
  50  4:26  SCV  
  54  4:43  SCV x2  
  56  4:46  Marine x2, Barracks Tech Lab  
  57  4:56  Siege Tank  
  57  4:58  Medivac  
  62  5:05  Supply Depot  
  62  5:06  Supply Depot  
  62  5:07  Command Center  
  62  5:12  Bunker, Engineering Bay  
  62  5:25  Supply Depot  
  62  5:27  Marine x3, SCV x2  
  67  5:28  Siege Tank  
  70  5:36  Stimpack  
  70  5:39  SCV  
  71  5:44  Missile Turret  
  71  5:45  Marine x2  
  71  5:46  Marine  
  71  5:47  Missile Turret  
  65  5:54  Viking  
  65  5:55  SCV  
  67  5:58  SCV  
  67  6:00  Supply Depot  
  67  6:03  Marine, Refinery  
  69  6:05  Refinery  
  69  6:10  Marine  
  70  6:12  Marine  
  70  6:15  Siege Tank  
  74  6:21  Marine, Barracks  
  74  6:22  Barracks  
  74  6:24  Barracks  
  75  6:27  Marine  
  75  6:30  Marine  
  76  6:33  Starport Reactor  
  76  6:37  SCV x2  
  76  6:39  Marine  
  80  6:45  Marine, Orbital Command  
  78  6:48  Marine  
  78  6:49  SCV x2  
  81  6:56  Marine  
  81  6:59  Engineering Bay  
  77  7:01  SCV x2  
  77  7:03  Marine  
  77  7:05  Missile Turret  
  77  7:06  Marine  
  77  7:07  Terran Infantry Weapons Level 1  
  81  7:10  Medivac  
  81  7:13  Medivac, SCV  
  81  7:14  Marine  
  87  7:21  Supply Depot x2, SCV  
  88  7:23  Barracks Reactor  
  88  7:24  Barracks Reactor x2  
  88  7:28  Marine  
  89  7:30  Siege Tank  
  89  7:36  Orbital Command  
  92  7:37  SCV  
  92  7:38  SCV  
  94  7:47  Marine x2  
  94  7:48  Marine  
  94  7:49  Medivac x2  
  94  7:50  SCV x2  
  103  7:55  Refinery  
  103  7:58  Terran Infantry Armor Level 1  
  103  8:02  SCV x2  
  103  8:04  SCV  
  103  8:05  Marine x4  
  107  8:06  Refinery  
  107  8:08  Marine x4  
  107  8:12  Armory  
  114  8:14  Marine, SCV x2  
  114  8:18  Missile Turret  
  117  8:20  SCV  
  117  8:23  Marine x3  
  117  8:26  SCV  
  122  8:29  Supply Depot  
  122  8:31  Supply Depot  
  122  8:32  Supply Depot  
  122  8:33  Supply Depot, Marine x2  
  124  8:35  Marine  
  124  8:39  Marine  
  125  8:50  Marine x3  
  125  8:52  Marine x3  
  125  8:53  Medivac x2, Siege Tank  
  125  8:54  Bunker  
  138  8:56  Bunker  
  138  9:03  Marine  
  138  9:04  Marine  
  138  9:08  Marine x3  
  138  9:15  Marine x2  
  140  9:23  Viking x2  
  141  9:33  Terran Infantry Weapons Level 2  
  135  9:46  Marine  
  133  9:55  Marine x6  
  133  9:56  Sensor Tower  
  133  9:57  Terran Infantry Armor Level 2  
  133  9:59  Terran Vehicle Weapons Level 1  
  133  10:03  Combat Shields  
  133  10:08  Factory  
  133  10:09  Supply Depot  
  133  10:10  Supply Depot, Marine x3, Siege Tank, SCV  
  133  10:11  Supply Depot x2  
  133  10:12  Marine x6  
  146  10:17  Refinery  
  146  10:19  Command Center  
  146  10:22  SCV  
  146  10:34  Marine  
  146  10:35  Marine x8  
  152  10:36  Medivac x2  
  152  10:42  Factory  
  159  10:44  Supply Depot  
  159  10:45  Supply Depot, Missile Turret  
  159  10:52  Marine  
  159  10:53  Marine x3, Factory Tech Lab  
  159  10:54  Siege Tank  
  166  11:00  Barracks  
  166  11:02  Marine x2  
  168  11:08  Supply Depot  
  168  11:10  Marine x2  
  169  11:24  Marine x6  
  169  11:25  Marine, Siege Tank  
  177  11:29  Siege Tank, Factory Tech Lab  
  180  11:38  Marine  
  180  11:39  Medivac  
  182  11:40  Medivac  
  182  11:42  Marine x2  
  186  11:52  Siege Tank  
  186  11:53  Barracks Reactor, Command Center  
  189  11:57  Siege Tank  
  189  12:09  Marine  
  190  12:16  Marine  
  190  12:20  Marine x2, Planetary Fortress  
  193  12:23  Marine x2  
  193  12:24  Marine  
  192  12:30  Marine x2  
  194  12:42  Siege Tank x2  
  193  12:54  Marine x4  
  193  12:55  Marine x3  
  200  13:05  Marine  
  198  13:10  Medivac x2  
  198  13:13  Marine x2  
  198  13:16  Command Center  
  198  13:18  Sensor Tower  
  197  13:20  Terran Infantry Weapons Level 3  
  197  13:21  Terran Infantry Armor Level 3, Missile Turret x2  
  197  13:23  Siege Tank  
  179  13:28  Marine x6  
  179  13:30  Marine  
  179  13:31  Marine  
  158  14:12  Marine x11  
  158  14:13  Siege Tank  
  164  14:27  Viking  
  164  14:28  Viking  
  164  14:29  Marine, Siege Tank x2  
  164  14:30  Marine x2  
  174  14:57  Marine  
  135  15:00  Marine  
  135  15:06  Marine x9  
  135  15:07  Siege Tank  
  136  15:15  Marine  
  136  15:18  Marine  
  138  15:24  Marine x4  
  137  15:30  Marine  
  136  15:36  Marine  
  136  15:37  Marine  
  125  15:43  Marine  
  125  15:45  Marine x5  
  128  15:50  Marine  
Tags
 
Add a new tag
Caveats
  • Supply blocks, unpowered buildings, or Contaminate may cause inaccurate times.
  • Supply counts are checked every 10 seconds.